[Event "DVM U20w 2019"]
[Site "Braunschweig"]
[Date "2019.12.28"]
[Round "4"]
[White "Miljkovic, Jovana"]
[Black "Möller, Lisa-Marie"]
[Result "1-0"]
[ECO "A04"]
[WhiteElo "2021"]
[BlackElo "1934"]
[Annotator "NA"]
[PlyCount "42"]
[EventDate "2019.12.27"]
[EventType "team-tourn"]
[EventRounds "7"]
[EventCountry "GER"]
[SourceTitle "playchess.com"]
[Source "ChessBase"]
[SourceQuality "1"]
[WhiteTeam "SV Lingen"]
[BlackTeam "Düsseldorfer SK"]
[TimeControl "40/5400+30:1800+30"]

1. Nf3 c5 2. c4 Nc6 3. e3 Nf6 4. Nc3 e6 5. d4 cxd4 6. exd4 d5 7. a3 Be7 8. Be2 O-O 9. O-O a6 10. Re1 dxc4 11. Bxc4 b5 12. Ba2 Nd5 13. Nxd5 exd5 14. Ne5 Bb7 15. Bf4 f6 16. Nxc6 Bxc6 17. Rc1 Rc8 18. Qe2 Rf7 19. Qe6 {[%emt 0:01:19] normal} Bb7 20. Rxc8 {[%emt 0:01:37] normal} Bxc8 21. Qxd5 {[%emt 0:00:49] normal} Qf8 {[%emt 0:00:47] normal} 1-0

[Event "DVM U20w 2019"]
[Site "Braunschweig"]
[Date "2019.12.28"]
[Round "4"]
[White "Peglau, Mirjam"]
[Black "Brunner, Sophia"]
[Result "1-0"]
[ECO "A34"]
[WhiteElo "1916"]
[BlackElo "1852"]
[Annotator "NA"]
[PlyCount "45"]
[EventDate "2019.12.27"]
[EventType "team-tourn"]
[EventRounds "7"]
[EventCountry "GER"]
[SourceTitle "playchess.com"]
[Source "ChessBase"]
[SourceQuality "1"]
[WhiteTeam "Schachzentrum Seeblick"]
[BlackTeam "SK Nordhorn-Blanke"]
[TimeControl "40/5400+30:1800+30"]

1. c4 Nf6 2. Nc3 c5 3. Nf3 d5 4. cxd5 Nxd5 5. e3 Nc6 6. Bb5 Nxc3 7. bxc3 Bd7 8. O-O a6 9. Be2 e5 10. d4 Bd6 11. Rb1 Rb8 12. dxe5 Bxe5 13. Nxe5 Nxe5 14. Qd6 Nc6 15. Qxc5 Qe7 16. Qxe7+ Kxe7 17. Ba3+ Kf6 18. Bd6 Rbd8 19. Bc7 Ra8 20. Rxb7 Be6 21. a3 Ne7 {[%emt 0:00:40] normal} 22. e4 Rhe8 {[%emt 0:02:15] normal} 23. f4 {[%emt 0:01:10] normal} 1-0

[Event "DVM U20w 2019"]
[Site "Braunschweig"]
[Date "2019.12.28"]
[Round "4"]
[White "Muedder, Melanie"]
[Black "Köhler, Inken"]
[Result "1-0"]
[ECO "C00"]
[WhiteElo "1902"]
[BlackElo "1998"]
[Annotator "NA"]
[PlyCount "113"]
[EventDate "2019.12.27"]
[EventType "team-tourn"]
[EventRounds "7"]
[EventCountry "GER"]
[SourceTitle "playchess.com"]
[Source "ChessBase"]
[SourceQuality "1"]
[WhiteTeam "SG Solingen"]
[BlackTeam "TuRa Harksheide Norderstedt"]
[TimeControl "40/5400+30:1800+30"]

1. e4 e6 2. d4 d5 3. Bd3 Nf6 4. e5 Nfd7 5. Nf3 Be7 6. O-O O-O 7. c3 f6 8. exf6 Nxf6 9. Re1 c5 10. Bc2 Nc6 11. a3 Qc7 12. h3 Bd6 13. Bg5 Kh8 14. Qd3 c4 15. Qe2 Bd7 16. Nbd2 Rae8 17. Ne5 Re7 18. f4 Be8 19. Rf1 Qb6 20. Rab1 Qc7 21. Qe1 Kg8 22. Kh1 b5 23. Bh4 Ref7 24. Nxf7 Qxf7 25. Nf3 Bxf4 26. Ne5 Nxe5 27. dxe5 Nh5 28. g3 g5 29. gxf4 gxh4 30. Qxh4 Kh8 31. f5 Qg7 32. f6 Qc7 33. Rbe1 Rg8 34. Rf3 Qb7 35. Kh2 Qc7 36. Re2 Qc5 37. Qd4 Qc7 38. Rg2 Rxg2+ 39. Kxg2 Qf7 40. Qg4 Bc6 41. Qd4 Be8 42. Kh2 Qc7 43. Rf2 Bf7 44. Bd1 Be8 45. Qe3 Bg6 46. Kg1 Qf7 47. Qc5 Ng3 48. Qc8+ Qg8 49. Qc7 Nf5 50. Bg4 Bf7 51. Kh2 Ne3 52. Qxa7 Nxg4+ 53. hxg4 Qxg4 54. Qe3 Qh5+ 55. Kg1 Qd1+ 56. Kg2 Qg4+ 57. Qg3 {[%emt 0:00:33] normal} 1-0

[Event "DVM U20w 2019"]
[Site "Braunschweig"]
[Date "2019.12.28"]
[Round "4"]
[White "Schumann, Rabea"]
[Black "Wiesner, Paula"]
[Result "0-1"]
[ECO "A13"]
[WhiteElo "1873"]
[BlackElo "1955"]
[Annotator "NA"]
[PlyCount "72"]
[EventDate "2019.12.27"]
[EventType "team-tourn"]
[EventRounds "7"]
[EventCountry "GER"]
[SourceTitle "playchess.com"]
[Source "ChessBase"]
[SourceQuality "1"]
[WhiteTeam "SG Güstrow/Teterow"]
[BlackTeam "SC Borussia Lichtenberg"]
[TimeControl "40/5400+30:1800+30"]

1. c4 e6 2. g3 d5 3. Nf3 dxc4 4. Qa4+ c6 5. Qxc4 b5 6. Qc2 Bb7 7. Bg2 Nf6 8. O-O Be7 9. d4 O-O 10. Bd2 a5 11. Nc3 Qb6 12. Rac1 Nbd7 13. e3 Rac8 14. Qb1 Rfd8 15. Rfd1 c5 16. a4 b4 17. Ne2 Be4 18. Qa1 Qb7 19. Ne1 Bxg2 20. Nxg2 Qf3 21. Nef4 Ne4 22. Be1 c4 23. Kf1 Ndf6 24. Qb1 Ng4 25. Qc2 g5 26. Nh3 Nxh2+ 27. Kg1 Ng4 28. Kh1 h5 29. Rd2 Nxd2 30. Qxd2 Qe4 31. Qc2 Qxc2 32. Rxc2 e5 33. f3 exd4 34. exd4 Nh6 35. Bf2 Nf5 36. Rd2 c3 {[%emt 0:00:21] normal} 0-1

[Event "DVM U20w 2019"]
[Site "Braunschweig"]
[Date "2019.12.28"]
[Round "4"]
[White "Hartmann, Cora"]
[Black "Joers, Pia-Milena"]
[Result "1/2-1/2"]
[ECO "B19"]
[WhiteElo "1842"]
[BlackElo "1646"]
[Annotator "NA"]
[PlyCount "98"]
[EventDate "2019.12.27"]
[EventType "team-tourn"]
[EventRounds "7"]
[EventCountry "GER"]
[SourceTitle "playchess.com"]
[Source "ChessBase"]
[SourceQuality "1"]
[WhiteTeam "SC Borussia Lichtenberg"]
[BlackTeam "SG Güstrow/Teterow"]
[TimeControl "40/5400+30:1800+30"]

1. e4 c6 2. d4 d5 3. Nc3 dxe4 4. Nxe4 Bf5 5. Ng3 Bg6 6. h4 h6 7. Nf3 Nd7 8. h5 Bh7 9. Bd3 Bxd3 10. Qxd3 e6 11. Bf4 Ngf6 12. O-O-O Nd5 13. Bd2 Qc7 14. Ne4 O-O-O 15. c4 N5f6 16. Kb1 Nxe4 17. Qxe4 Nf6 18. Qc2 c5 19. Bc3 Be7 20. dxc5 Qxc5 21. Ne5 Rxd1+ 22. Rxd1 Rd8 23. Rxd8+ Bxd8 24. Nxf7 Qxh5 25. Nxd8 Kxd8 26. Qd2+ Kc8 27. f3 e5 28. Qe2 Qf5+ 29. Kc1 Nd7 30. g4 Qf4+ 31. Kc2 g6 32. Bd2 Qf8 33. Qe4 g5 34. Bc3 Qf6 35. b4 Kc7 36. a4 Qe6 37. Qd5 Qg6+ 38. Qd3 Qc6 39. Kb3 Qb6 40. Qd5 Qe3 41. c5 a5 42. Qd6+ Kd8 43. Qd5 axb4 44. Kxb4 Qf4+ 45. Kb5 Kc8 46. Qg8+ Nf8 47. Qd5 Nd7 48. Ba5 Qf6 49. Bc3 {[%emt 0:06:49] normal} Kc7 {[%emt 0:01:55] normal} 1/2-1/2

[Event "DVM U20w 2019"]
[Site "Braunschweig"]
[Date "2019.12.28"]
[Round "4"]
[White "Schnabel, Luise"]
[Black "Bashylina, Luisa"]
[Result "1/2-1/2"]
[ECO "B24"]
[WhiteElo "1836"]
[BlackElo "1935"]
[Annotator "NA"]
[PlyCount "117"]
[EventDate "2019.12.27"]
[EventType "team-tourn"]
[EventRounds "7"]
[EventCountry "GER"]
[SourceTitle "playchess.com"]
[Source "ChessBase"]
[SourceQuality "1"]
[WhiteTeam "TuRa Harksheide Norderstedt"]
[BlackTeam "SG Solingen"]
[TimeControl "40/5400+30:1800+30"]

1. e4 c5 2. Nc3 Nc6 3. g3 e6 4. Bg2 g6 5. d3 Bg7 6. f4 d6 7. Nf3 Nge7 8. O-O O-O 9. Be3 Nd4 10. e5 Nef5 11. Bf2 Nxf3+ 12. Qxf3 Nd4 13. Qd1 dxe5 14. fxe5 Bd7 15. Ne4 Ba4 16. b3 Bc6 17. c3 Nb5 18. Bxc5 Bxe4 19. Bxe4 Bxe5 20. Qf3 Bxc3 21. Bxf8 Qb6+ 22. Kg2 Rxf8 23. Rac1 f5 24. Qf4 Qa5 25. Rc2 Nd4 26. Rcf2 Be1 27. Bxb7 Bxf2 28. Rxf2 e5 29. Qc1 Qb5 30. Qc4+ Qxc4 31. bxc4 Rb8 32. Bd5+ Kg7 33. Rd2 Kf6 34. a4 Rb4 35. a5 Ra4 36. Rb2 Rxa5 37. Rb7 h5 38. h4 Ne6 39. Rd7 Ra2+ 40. Kf1 Ra6 41. c5 e4 42. c6 Ke5 43. d4+ Nxd4 44. c7 Ra1+ 45. Kf2 Rc1 46. Bb7 Rc2+ 47. Ke1 Rc1+ 48. Kd2 Rc2+ 49. Kd1 e3 50. Rd5+ Kf6 51. Rxd4 Rxc7 52. Bf3 Re7 53. Ke2 a5 54. Rd6+ Kg7 55. Rd5 Ra7 56. Kxe3 a4 57. Rd1 a3 58. Ra1 Kf6 {normal} 59. Bd5 1/2-1/2

[Event "DVM U20w 2019"]
[Site "Braunschweig"]
[Date "2019.12.28"]
[Round "4"]
[White "Möller, Hannah"]
[Black "Sokolowski, Judith"]
[Result "1-0"]
[ECO "E07"]
[WhiteElo "1832"]
[BlackElo "1722"]
[Annotator "NA"]
[PlyCount "53"]
[EventDate "2019.12.27"]
[EventType "team-tourn"]
[EventRounds "7"]
[EventCountry "GER"]
[SourceTitle "playchess.com"]
[Source "ChessBase"]
[SourceQuality "1"]
[WhiteTeam "SV Lingen"]
[BlackTeam "Düsseldorfer SK"]
[TimeControl "40/5400+30:1800+30"]

1. Nf3 d5 2. g3 Nf6 3. Bg2 e6 4. O-O Be7 5. d4 O-O 6. c4 Nbd7 7. Nc3 c6 8. cxd5 exd5 9. a3 Re8 10. b4 a6 11. Bb2 b5 12. Ne5 Bb7 13. e4 dxe4 14. Nxe4 Nd5 15. Nc5 Bxc5 16. bxc5 Nf8 17. Qb3 f6 18. Nd3 Ne6 19. Nb4 Nxb4 20. axb4 Kh8 21. Rfe1 Ng5 22. h4 Qd7 23. hxg5 fxg5 24. Re3 {[%emt 0:01:21] normal} Rxe3 25. Qxe3 h6 {[%emt 0:00:46] normal} 26. Re1 a5 27. bxa5 {[%emt 0:00:09] normal} 1-0

[Event "DVM U20w 2019"]
[Site "Braunschweig"]
[Date "2019.12.28"]
[Round "4"]
[White "Fock, Amina"]
[Black "Peglau, Sarah"]
[Result "1-0"]
[ECO "B15"]
[WhiteElo "1807"]
[BlackElo "1760"]
[Annotator "NA"]
[PlyCount "125"]
[EventDate "2019.12.27"]
[EventType "team-tourn"]
[EventRounds "7"]
[EventCountry "GER"]
[SourceTitle "playchess.com"]
[Source "ChessBase"]
[SourceQuality "1"]
[WhiteTeam "SK Nordhorn-Blanke"]
[BlackTeam "Schachzentrum Seeblick"]
[TimeControl "40/5400+30:1800+30"]

1. e4 c6 2. d4 d5 3. Nd2 dxe4 4. Nxe4 Nf6 5. Nxf6+ exf6 6. c3 Bd6 7. Bd3 Be6 8. Qc2 Nd7 9. Ne2 Qc7 10. h4 O-O-O 11. Bd2 Rhe8 12. O-O-O c5 13. c4 cxd4 14. Nxd4 Ne5 15. Nxe6 Nxd3+ 16. Qxd3 Rxe6 17. Kb1 Bb4 18. Qc2 Bxd2 19. Rxd2 Rde8 20. Qxh7 Qf4 21. Qd3 Re1+ 22. Rxe1 Rxe1+ 23. Kc2 Qe4 24. g3 Qxd3+ 25. Kxd3 Kd7 26. Kc3+ Kc6 27. b4 f5 28. Rd5 g6 29. b5+ Kc7 30. h5 Re2 31. hxg6 fxg6 32. Rd2 Re4 33. a4 Re5 34. Kd4 Kd6 35. f3 Re1 36. c5+ Kc7 37. Rh2 Ra1 38. Rh7+ Kc8 39. b6 axb6 40. cxb6 Rxa4+ 41. Kc5 Ra3 42. Rc7+ Kb8 43. Rg7 Kc8 44. Rxg6 Rxf3 45. Kd6 Rd3+ 46. Ke6 Re3+ 47. Kxf5 Kd7 48. g4 Rf3+ 49. Kg5 Rf1 50. Rf6 Rh1 51. Kg6 Re1 52. g5 Re5 53. Kh6 Ke8 54. g6 Re1 55. Kg7 Rh1 56. Rf8+ Kd7 57. Kg8 Rg1 58. g7 Rh1 59. Rf7+ Kc6 60. Rf6+ Kd7 61. Kf7 Rg1 62. g8=Q Rxg8 63. Kxg8 {[%emt 0:00:00] normal} 1-0

[Event "DVM U20w 2019"]
[Site "Braunschweig"]
[Date "2019.12.28"]
[Round "4"]
[White "Berelowitsch, Dana"]
[Black "Sherif, Amina"]
[Result "0-1"]
[ECO "B43"]
[WhiteElo "1792"]
[BlackElo "1945"]
[Annotator "NA"]
[PlyCount "72"]
[EventDate "2019.12.27"]
[EventType "team-tourn"]
[EventRounds "7"]
[EventCountry "GER"]
[SourceTitle "playchess.com"]
[Source "ChessBase"]
[SourceQuality "1"]
[WhiteTeam "SG Solingen"]
[BlackTeam "TuRa Harksheide Norderstedt"]
[TimeControl "40/5400+30:1800+30"]

1. e4 c5 2. Nf3 e6 3. d4 cxd4 4. Nxd4 a6 5. Nc3 Qc7 6. Be3 Nf6 7. f4 Bb4 8. Bd3 Bxc3+ 9. bxc3 Qxc3+ 10. Kf2 d6 11. Re1 Nbd7 12. Kg1 O-O 13. Qf3 Nc5 14. Rad1 Bd7 15. e5 Nd5 16. exd6 Nxd3 17. cxd3 Rac8 18. Bf2 Qa3 19. f5 Qxd6 20. Qh3 exf5 21. Nxf5 Bxf5 22. Qxf5 Nc3 23. Rd2 Rce8 24. Rf1 Ne4 25. Re2 Nxf2 26. Rexf2 Re3 27. Rd1 g6 28. Qg5 Rfe8 29. Rdf1 Re1 30. Rxf7 Qd4+ 31. Kh1 Qa1 32. Qd5 Kh8 33. Qf3 Rxf1+ 34. Qxf1 Re1 35. Rf8+ Kg7 36. Rf7+ Kh6 {[%emt 0:00:05] normal} 0-1

[Event "DVM U20w 2019"]
[Site "Braunschweig"]
[Date "2019.12.28"]
[Round "4"]
[White "Ziegenfuss, Larissa"]
[Black "Rempe, Janne"]
[Result "1-0"]
[ECO "B07"]
[WhiteElo "1755"]
[BlackElo "1559"]
[Annotator "NA"]
[PlyCount "63"]
[EventDate "2019.12.27"]
[EventType "team-tourn"]
[EventRounds "7"]
[EventCountry "GER"]
[SourceTitle "playchess.com"]
[Source "ChessBase"]
[SourceQuality "1"]
[WhiteTeam "SG Blau-Weiß Stadtilm"]
[BlackTeam "SK Doppelbauer Kiel"]
[TimeControl "40/5400+30:1800+30"]

1. e4 d6 2. d4 Nf6 3. Nc3 Nbd7 4. Nf3 e5 5. Bc4 Be7 6. O-O O-O 7. a4 a5 8. b3 c6 9. dxe5 dxe5 10. Bb2 Qc7 11. Qe2 Nc5 12. Nd2 Ne6 13. Bxe6 Bxe6 14. Nc4 Ng4 15. h3 Nf6 16. Rad1 Rad8 17. Ne3 Qc8 18. Kh2 h6 19. g4 h5 20. Nf5 Bc5 21. f3 hxg4 22. hxg4 g6 23. Qg2 Bxf5 24. gxf5 Kg7 25. Qg3 Rh8+ 26. Kg2 Rdg8 27. Qxe5 b6 28. Ne2 Kf8 29. Qxf6 gxf5+ 30. Ng3 {[%emt 0:00:13] normal} Be7 {normal} 31. Qxf5 {[%emt 0:02:32] normal} Qxf5 32. exf5 {[%emt 0:00:05] normal} 1-0

[Event "DVM U20w 2019"]
[Site "Braunschweig"]
[Date "2019.12.28"]
[Round "4"]
[White "Peglau, Charis"]
[Black "Meijerink, Inken"]
[Result "1/2-1/2"]
[ECO "D02"]
[WhiteElo "1728"]
[BlackElo "1743"]
[Annotator "NA"]
[PlyCount "84"]
[EventDate "2019.12.27"]
[EventType "team-tourn"]
[EventRounds "7"]
[EventCountry "GER"]
[SourceTitle "playchess.com"]
[Source "ChessBase"]
[SourceQuality "1"]
[WhiteTeam "Schachzentrum Seeblick"]
[BlackTeam "SK Nordhorn-Blanke"]
[TimeControl "40/5400+30:1800+30"]

1. Nf3 d5 2. d4 Nf6 3. Bf4 e6 4. e3 Be7 5. c4 b6 6. Nc3 O-O 7. Rc1 Bb7 8. cxd5 exd5 9. a3 c5 10. dxc5 bxc5 11. Be2 Qb6 12. Qc2 Nbd7 13. O-O Rac8 14. Rfd1 h6 15. Ne5 Qe6 16. Nxd7 Nxd7 17. Bf3 Nb6 18. Na4 Rfd8 19. Qb3 Ba8 20. Nc3 Rd7 21. h3 Bd6 22. Bxd6 Rxd6 23. Bg4 f5 24. Bf3 Nc4 25. Qc2 Ne5 26. Be2 Rd7 27. Nb5 Qg6 28. Nd4 Rf7 29. Bd3 Nxd3 30. Qxd3 Rcc7 31. Nf3 d4 32. exd4 cxd4 33. Rxc7 Rxc7 34. Qb3+ Kh7 35. Rxd4 Be4 36. Qe3 Qb6 37. Rb4 Qg6 38. Nh4 Qd6 39. Rd4 Qf6 40. Nf3 Qb6 41. Rb4 Qd6 42. Rd4 Qb6 {normal} 1/2-1/2

[Event "DVM U20w 2019"]
[Site "Braunschweig"]
[Date "2019.12.28"]
[Round "4"]
[White "Rudolph, Eva"]
[Black "Moenster, Madita"]
[Result "1-0"]
[ECO "B23"]
[WhiteElo "1711"]
[BlackElo "1956"]
[Annotator "NA"]
[PlyCount "126"]
[EventDate "2019.12.27"]
[EventType "team-tourn"]
[EventRounds "7"]
[EventCountry "GER"]
[SourceTitle "playchess.com"]
[Source "ChessBase"]
[SourceQuality "1"]
[WhiteTeam "Düsseldorfer SK"]
[BlackTeam "SV Lingen"]
[TimeControl "40/5400+30:1800+30"]

1. e4 c5 2. Nc3 a6 3. f4 b5 4. Nf3 Bb7 5. d3 Nf6 6. a3 e6 7. Be2 Be7 8. O-O d5 9. e5 Nfd7 10. d4 O-O 11. Kh1 Nc6 12. Be3 Na5 13. Nd2 Qc7 14. Rf3 f6 15. Rh3 cxd4 16. Bxd4 fxe5 17. Bd3 Bf6 18. Bxh7+ Kf7 19. Qh5+ Ke7 20. fxe5 Bxe5 21. Nf3 Bxd4 22. Nxd4 Qf4 23. Nce2 Qe5 24. Qh4+ Qf6 25. Re1 Nc6 26. Nxc6+ Bxc6 27. Nf4 Kd6 28. Qxf6 Rxf6 29. Nd3 Raf8 30. Kg1 Rh8 31. Bf5 Rxh3 32. Bxh3 d4 33. Nb4 Nc5 34. Nxc6 Kxc6 35. b4 Na4 36. Rxe6+ Rxe6 37. Bxe6 Nc3 38. h4 Nb1 39. g4 Nxa3 40. Bb3 Kd6 41. Kf2 Ke5 42. Kg3 Nc4 43. h5 Nd2 44. g5 Kf5 45. h6 gxh6 46. gxh6 Kg6 47. Kf4 Kxh6 48. Be6 Kg6 49. Bc8 Nc4 50. Bxa6 Na3 51. Bc8 Kf6 52. Bf5 Nc4 53. Bd3 Nd6 54. Bh7 Ke6 55. Bg8+ Kf6 56. Bd5 Nc4 57. Bxc4 bxc4 58. Ke4 d3 59. cxd3 c3 60. Ke3 Ke5 61. d4+ Kd5 62. Kd3 c2 63. Kxc2 Kxd4 {[%emt 0:00:04] normal} 1-0

[Event "DVM U20w 2019"]
[Site "Braunschweig"]
[Date "2019.12.28"]
[Round "4"]
[White "Schiewe, Nadin"]
[Black "Doll, Rebecca"]
[Result "0-1"]
[ECO "D05"]
[WhiteElo "1629"]
[BlackElo "1659"]
[Annotator "NA"]
[PlyCount "107"]
[EventDate "2019.12.27"]
[EventType "team-tourn"]
[EventRounds "7"]
[EventCountry "GER"]
[SourceTitle "playchess.com"]
[Source "ChessBase"]
[SourceQuality "1"]
[WhiteTeam "Leegebrucher SF"]
[BlackTeam "OSG Baden-Baden"]
[TimeControl "40/5400+30:1800+30"]

1. d4 d5 2. Nf3 e6 3. e3 Nf6 4. Bd3 c5 5. c3 Nc6 6. Nbd2 b6 7. Bb5 Bd7 8. O-O Bd6 9. Re1 O-O 10. Qe2 Qc7 11. Bd3 Rfe8 12. h3 Rad8 13. b3 e5 14. dxe5 Nxe5 15. Nxe5 Bxe5 16. Bb2 Bc6 17. Nf3 Bd6 18. Qc2 h6 19. Rad1 Qb7 20. Be2 Ne4 21. a4 Bb8 22. Bb5 Rd6 23. Bxc6 Qxc6 24. c4 dxc4 25. Qxc4 Red8 26. Rxd6 Rxd6 27. Be5 Rg6 28. Bxb8 Nd2 29. Qxf7+ Kxf7 30. Ne5+ Ke8 31. Nxc6 Nf3+ 32. Kf1 Nxe1 33. Ne5 Rxg2 34. Kxe1 a6 35. Ba7 Rg5 36. Nd3 b5 37. axb5 axb5 38. Bxc5 Rh5 39. Bd4 Kf7 40. Nf4 Rh4 41. b4 g5 42. Nd5 Rxh3 43. Nc7 Rh1+ 44. Ke2 Rb1 45. Bc5 g4 46. Nxb5 h5 47. Nd6+ Ke6 48. b5 h4 49. b6 h3 50. Ne4 h2 51. Ng3 Kd7 {[%emt 0:01:01] normal} 52. b7 Kc7 {[%emt 0:00:44] normal} 53. b8=Q+ Kxb8 {[%emt 0:00:16] normal} 54. f4 0-1

[Event "DVM U20w 2019"]
[Site "Braunschweig"]
[Date "2019.12.28"]
[Round "4"]
[White "Pavlov, Liliane"]
[Black "Schilay, Maria"]
[Result "1-0"]
[ECO "D30"]
[WhiteElo "1623"]
[BlackElo "1450"]
[Annotator "NA"]
[PlyCount "93"]
[EventDate "2019.12.27"]
[EventType "team-tourn"]
[EventRounds "7"]
[EventCountry "GER"]
[SourceTitle "playchess.com"]
[Source "ChessBase"]
[SourceQuality "1"]
[WhiteTeam "SC Bavaria Regensburg"]
[BlackTeam "SC Erlangen 48/88"]
[TimeControl "40/5400+30:1800+30"]

1. d4 d5 2. c4 e6 3. Nf3 Nf6 4. g3 c5 5. cxd5 exd5 6. Bg2 Be6 7. Nc3 Nc6 8. O-O Be7 9. dxc5 Bxc5 10. b3 O-O 11. Bb2 Qe7 12. e3 Rfd8 13. Qe2 d4 14. exd4 Nxd4 15. Nxd4 Bxd4 16. Rac1 Rac8 17. Rfe1 Bb6 18. Na4 Ba5 19. Red1 Rxc1 20. Rxc1 Re8 21. Bxf6 gxf6 22. Qh5 Bb4 23. Be4 f5 24. Bxf5 Bxf5 25. Qxf5 b6 26. Rc4 Qe1+ 27. Kg2 Re6 28. Nb2 Bf8 29. h4 Qd2 30. Rc7 Re7 31. Rc8 Qh6 32. h5 Qg7 33. Nd3 Re6 34. Nf4 Rf6 35. Qe4 h6 36. Nd5 Re6 37. Qf4 Kh8 38. Qb4 Kg8 39. Qc4 Kh8 40. Nc7 Re7 41. Ne8 Qe5 42. Nc7 Qg7 43. Nd5 Re6 44. Ne3 Kg8 45. Qb4 Re5 46. Qd6 f6 47. Nd5 {[%emt 0:01:46] normal} 1-0

[Event "DVM U20w 2019"]
[Site "Braunschweig"]
[Date "2019.12.28"]
[Round "4"]
[White "Rempe, Mieke"]
[Black "Schmidt, Pauline"]
[Result "1/2-1/2"]
[ECO "B90"]
[WhiteElo "1619"]
[BlackElo "1628"]
[Annotator "NA"]
[PlyCount "103"]
[EventDate "2019.12.27"]
[EventType "team-tourn"]
[EventRounds "7"]
[EventCountry "GER"]
[SourceTitle "playchess.com"]
[Source "ChessBase"]
[SourceQuality "1"]
[WhiteTeam "SK Doppelbauer Kiel"]
[BlackTeam "SG Blau-Weiß Stadtilm"]
[TimeControl "40/5400+30:1800+30"]

1. e4 c5 2. Nf3 d6 3. d4 cxd4 4. Nxd4 Nf6 5. Nc3 a6 6. a4 e5 7. Nf3 b6 8. Bc4 h6 9. O-O Be7 10. Nd5 O-O 11. Nxf6+ Bxf6 12. Bd5 Ra7 13. Ne1 Nd7 14. Ra3 Nc5 15. b4 Ne6 16. Bxe6 Bxe6 17. f4 Qa8 18. Qxd6 Qxe4 19. Qxb6 Rb7 20. Qf2 Qxb4 21. Nd3 Qd6 22. fxe5 Bxe5 23. Nxe5 Qxe5 24. Re3 Qh5 25. Rxe6 fxe6 26. Qxf8+ Kh7 27. Qf4 Qc5+ 28. Rf2 Rb4 29. Qe3 Qxe3 30. Bxe3 Rxa4 31. Kf1 Rc4 32. Ke1 Rc8 33. Rd2 a5 34. Kd1 Rf8 35. Rd7 Kg6 36. Bd4 Rg8 37. Ra7 Rd8 38. Rxg7+ Kf5 39. c3 e5 40. Ra7 exd4 41. Rxa5+ Ke4 42. Ra4 Ke3 43. Rxd4 Rxd4+ 44. cxd4 Kxd4 45. Kd2 Ke4 46. Ke2 Kf4 47. Kf2 Kg4 48. h3+ Kf4 49. g3+ Kf5 50. Kf3 h5 51. g4+ hxg4+ 52. hxg4+ {normal} 1/2-1/2

[Event "DVM U20w 2019"]
[Site "Braunschweig"]
[Date "2019.12.28"]
[Round "4"]
[White "Giede, Anna-Blume"]
[Black "Sereda, Yaroslava"]
[Result "0-1"]
[ECO "B24"]
[WhiteElo "1582"]
[BlackElo "1726"]
[Annotator "NA"]
[PlyCount "82"]
[EventDate "2019.12.27"]
[EventType "team-tourn"]
[EventRounds "7"]
[EventCountry "GER"]
[SourceTitle "playchess.com"]
[Source "ChessBase"]
[SourceQuality "1"]
[WhiteTeam "TuRa Harksheide Norderstedt"]
[BlackTeam "SG Solingen"]
[TimeControl "40/5400+30:1800+30"]

1. e4 c5 2. Nc3 Nc6 3. g3 g6 4. Bg2 Bg7 5. d3 e6 6. f4 d6 7. Nf3 Nge7 8. O-O O-O 9. Be3 Nd4 10. e5 Nef5 11. Bf2 Nxf3+ 12. Bxf3 Nd4 13. Bg2 dxe5 14. fxe5 Bxe5 15. Ne4 Nf5 16. c3 c4 17. dxc4 Qc7 18. Qe2 Bd7 19. Nc5 Bg7 20. Bxb7 Rad8 21. Rad1 Nd6 22. Bg2 Bc6 23. Bxc6 Qxc6 24. Qg4 Nb7 25. Nxb7 Qxb7 26. Bc5 Rfe8 27. Rxd8 Rxd8 28. Qf3 Qc7 29. Qf2 Rd7 30. Qe3 Qb7 31. b3 Qa6 32. Rf2 Rd1+ 33. Kg2 Rd7 34. Qf3 Qc8 35. Qe3 Qc6+ 36. Rf3 Qa6 37. Rf2 Qc6+ 38. Rf3 a6 39. Bd4 e5 40. Bc5 e4 41. Rf1 Bxc3 {[%emt 0:17:11] normal} 0-1

[Event "DVM U20w 2019"]
[Site "Braunschweig"]
[Date "2019.12.28"]
[Round "4"]
[White "Sauer, Annika"]
[Black "Nanthivarman, Merymuthu"]
[Result "1-0"]
[ECO "A43"]
[WhiteElo "1569"]
[BlackElo "1260"]
[Annotator "NA"]
[PlyCount "98"]
[EventDate "2019.12.27"]
[EventType "team-tourn"]
[EventRounds "7"]
[EventCountry "GER"]
[SourceTitle "playchess.com"]
[Source "ChessBase"]
[SourceQuality "1"]
[WhiteTeam "Leegebrucher SF"]
[BlackTeam "OSG Baden-Baden"]
[TimeControl "40/5400+30:1800+30"]

1. d4 c5 2. e3 cxd4 3. exd4 d5 4. Nf3 Nc6 5. c3 Bg4 6. Be2 Nf6 7. Bf4 e6 8. Nbd2 Be7 9. O-O O-O 10. h3 Bh5 11. Re1 Bxf3 12. Nxf3 Nh5 13. Qd2 Nxf4 14. Qxf4 Bd6 15. Qd2 e5 16. dxe5 Bxe5 17. Nxe5 Nxe5 18. Rad1 Nc4 19. Bxc4 dxc4 20. Qxd8 Raxd8 21. Rxd8 Rxd8 22. Re7 g6 23. Rxb7 Rd1+ 24. Kh2 Rd2 25. Kg3 a5 26. a3 Kg7 27. Kf3 Rd3+ 28. Ke2 Rd5 29. a4 Re5+ 30. Kd2 Rd5+ 31. Ke3 Rd3+ 32. Ke2 Rd5 33. Rb5 Rd6 34. Rxa5 Kf6 35. Rc5 Re6+ 36. Kf3 Rb6 37. Rb5 Ra6 38. a5 Ke7 39. Ke4 Kd7 40. Kd4 Kc6 41. Rb6+ Rxb6 42. axb6 Kxb6 43. Kxc4 Kc6 44. b4 f5 45. b5+ Kb6 46. Kd5 Kc7 47. c4 Kb6 48. Kd6 Kb7 49. c5 h6 {[%emt 0:00:07] normal} 1-0

[Event "DVM U20w 2019"]
[Site "Braunschweig"]
[Date "2019.12.28"]
[Round "4"]
[White "Visvikis, Kassandra"]
[Black "Kung, Fanny"]
[Result "1-0"]
[ECO "B01"]
[WhiteElo "1568"]
[BlackElo "1426"]
[Annotator "NA"]
[PlyCount "77"]
[EventDate "2019.12.27"]
[EventType "team-tourn"]
[EventRounds "7"]
[EventCountry "GER"]
[SourceTitle "playchess.com"]
[Source "ChessBase"]
[SourceQuality "1"]
[WhiteTeam "OSG Baden-Baden"]
[BlackTeam "Leegebrucher SF"]
[TimeControl "40/5400+30:1800+30"]

1. e4 d5 2. exd5 Qxd5 3. Nc3 Qd6 4. Bc4 Nf6 5. d3 a6 6. a3 e6 7. Nge2 b5 8. Ba2 Bb7 9. f3 c5 10. Bf4 Qb6 11. Qd2 Nc6 12. Be3 Qc7 13. O-O Be7 14. Ng3 O-O 15. Nce4 Na5 16. Kh1 Rfd8 17. Qf2 Bxe4 18. Nxe4 Nb7 19. b4 Rac8 20. Rad1 Rd7 21. bxc5 Nxc5 22. Bxc5 Nxe4 23. fxe4 Bxc5 24. Qh4 Bxa3 25. Qg4 Re7 26. Rf2 Bd6 27. h4 h6 28. Rdf1 Rf8 29. d4 Qd7 30. e5 Bc7 31. h5 Kh8 32. c3 Qe8 33. Bb1 Rg8 34. Qe4 g6 35. Qf4 {[%emt 0:01:58] normal} g5 36. Qf6+ {[%emt 0:00:14] normal} Rg7 {[%emt 0:00:52] normal} 37. Qxh6+ Kg8 38. Qf6 {[%emt 0:00:28] normal} Bd8 39. h6 {[%emt 0:00:22] normal} 1-0